 Dungeon Crawl Stone Soup version 0.31-a0-1616-gbeaec30b81 (console) character file.

Game seed: 17362533043186848855

2858 jejorda2 the Grappler (level 9, -8/93 HPs)
             Began as an Octopode Berserker on Jan 10, 2024.
             Was a Priest of Trog.
             Killed by divine providence
             ... invoked by an orc priest
              (14 damage)
             ... on level 5 of the Dungeon.
             The game lasted 00:12:06 (4661 turns).

jejorda2 the Grappler (Octopode Berserker)          Turns: 4661, Time: 00:12:07

Health: -8/93      AC:  1    Str: 21    XL:     9   Next: 75%
Magic:  9/9        EV: 14    Int:  9    God:    Trog [***...]
Gold:   261        SH:  0    Dex: 11    Spells: 8/8 levels left

rFire   . .          .
                       - Unarmed
rCold   . . .        (no shield)
rNeg    . . .        (helmet restricted)
rPois   .            l - amulet of the acrobat
rElec   .            x - ring of flight
rCorr   .            (no ring)
SInv    .            (no ring)
Will    ++...        (no ring) Stlth
                     (no ring)
HPRegen 1.35/turn    (no ring)
MPRegen 0.11/turn    (no ring)
                     (no ring)

%: acrobat
@: berserking, strong-willed, flying, regenerating, very quick
A: almost no armour, amphibious, 8 rings, camouflage 1, gelatinous body 1,
(nimble swimmer 1), tentacles
a: Renounce Religion, Berserk, Trog's Hand


You were on level 5 of the Dungeon.
You worshipped Trog.
Trog was most pleased with you.
You visited 1 branch of the dungeon, and saw 5 of its levels.

You collected 261 gold pieces.

Inventory:

Hand Weapons
 a - a +0 hand axe
 k - a +2 flail of protection
 B - a +0 dire flail of protection
Missiles
 y - 6 javelins (quivered)
Jewellery
 l - an amulet of the acrobat (around mantle)
 x - a ring of flight (left tentacle)
Talismans
 n - a maw talisman
Wands
 i - a wand of roots (12)
 j - a wand of flame (15)
Scrolls
 c - 4 scrolls of identify {unknown}
 e - a scroll of blinking {unknown}
 f - a scroll of butterflies {unknown}
 g - 7 scrolls of teleportation {unknown}
 o - 3 scrolls of amnesia {unknown}
 q - a scroll of brand weapon {unknown}
 s - a scroll of fear {unknown}
 v - a scroll of enchant weapon {unknown}
 A - a scroll of enchant armour {unknown}
Potions
 b - 5 potions of heal wounds {unknown}
 d - 2 potions of degeneration {unknown}
 h - a potion of invisibility {unknown}
 m - 2 potions of magic {unknown}
 p - a potion of haste {unknown}
 r - a potion of lignification {unknown}
 t - a potion of cancellation {unknown}
 u - 2 potions of curing {unknown}
 w - a potion of ambrosia {unknown}
 z - a potion of mutation {unknown}


   Skills:
 - Level 6.0 Fighting
 - Level 5.1 Axes
 + Level 5.1 Dodging
 * Level 8.5 Unarmed Combat
 + Level 5.3 Shapeshifting


You had 8 spell levels left.
You didn't know any spells.
Your spell library was empty.

Dungeon Overview and Level Annotations

Branches:
Dungeon (5/15)
 Temple: D:4-7

Altars:
Vehumet
Xom
Yredelemnul

Shops:
D:1 =

Annotations:
D:5 zenocrate's ghost, novice VSEn


Innate Abilities, Weirdness & Mutations

You cannot wear most types of armour.
You are amphibious.
You can wear up to eight rings at the same time.
Your skin changes colour to match your surroundings (Stealth+).
Your rubbery body absorbs attacks. (AC +1, EV +1)
((You are camouflaged when in or above water. (Stealth+)))
You have tentacles for arms and can constrict up to eight enemies at once.


Message History

The orc warrior hits you with a +0 scimitar!
You bludgeon the orc warrior!
You squeeze the orc warrior, but do no damage.
The orc warrior is heavily wounded.
You constrict the orc warrior, but do no damage.
The orc priest calls down the wrath of Beogh upon you.
Beogh smites you!
You tentacle-slap the orc warrior.
The orc warrior is severely wounded.
You constrict the orc warrior.
The orc warrior hits you with a +0 scimitar!
* * * LOW HITPOINT WARNING * * *
A red film seems to cover your vision as you go berserk!
You feel yourself moving faster!
You feel mighty!
You constrict the orc warrior, but do no damage.
The orc warrior barely misses you.
You tentacle-slap the orc warrior but do no damage.
You squeeze the orc warrior.
You kill the orc warrior!
Trog accepts your kill.
You tentacle-slap the orc. You grab the orc.
The orc is severely wounded.
You constrict the orc. You bludgeon the orc!
You kill the orc!
Trog accepts your kill.
The orc priest mumbles some strange prayers to Beogh against you.
Beogh smites you!
* * * LOW HITPOINT WARNING * * *
You barely miss zenocrate's ghost. You closely miss zenocrate's ghost.
Zenocrate's ghost barely misses you.
You closely miss zenocrate's ghost. You bludgeon zenocrate's ghost!
You squeeze zenocrate's ghost!
Zenocrate's ghost is severely damaged.
Zenocrate's ghost misses you.
You barely miss zenocrate's ghost. You squeeze zenocrate's ghost!
Zenocrate's ghost is almost destroyed.
The orc priest invokes the aid of Beogh against you.
Beogh smites you!
You die...

#.# #.####### #.......#
#######.#### #....#
#....# ##...# ##.## #@#
#W# ##### #o# ##...##
########o########
#.....###......ooo......#
.........8......o......8#
#.....#########'''#######
##...## #.............#
#..## #....#####....#


You could see an orc priest, zenocrate's ghost and 5 orcs.

Vanquished Creatures
  Pikel (D:4)
  Grinder (D:3)
  Sigmund (D:3)
  A yak (D:5)
  Edmund (D:5)
  Duvessa (D:4)
  An orc warrior (D:5)
  4 ice beasts (D:5)
  2 black bears (D:5)
  A centaur (D:5)
  A lemure (D:4)
  A scorpion (D:5)
  Dowan (D:4)
  A killer bee (D:5)
  3 bombardier beetles
  6 hounds
  4 orc priests
  A sleepcap (D:4)
  Crazy Yiuf (D:2)
  A jelly (D:5)
  A gnoll bouda (D:5)
  Terence (D:2)
  Natasha (twice) (D:2)
  Robin (D:2)
  6 adders
  4 gnolls (D:5)
  15 dart slugs
  13 orcs
  4 endoplasms
  6 giant cockroaches
  14 goblins
  6 hobgoblins
  7 kobolds
  4 quokkas
  7 ball pythons
  5 bats
  5 frilled lizards
  6 rats
141 creatures vanquished.

Notes
Turn   | Place    | Note
-------+----------+-------------------------------------------
     0 | D:1      | jejorda2 the Octopode Berserker began the quest for the
                  | Orb.
     0 | D:1      | Reached XP level 1. HP: 16/16 MP: 1/1
    47 | D:1      | Found Volyes's Jewellery Boutique.
   117 | D:1      | Reached XP level 2. HP: 21/21 MP: 2/2
   643 | D:1      | Reached XP level 3. HP: 26/26 MP: 3/3
   870 | D:2      | Found a faded altar of an unknown god.
   885 | D:2      | Noticed Robin
   892 | D:2      | Killed Robin
   893 | D:2      | Reached ** piety under Trog
   984 | D:2      | Reached XP level 4. HP: 30/33 MP: 4/4
  1074 | D:2      | Found a runed translucent door.
  1075 | D:2      | Noticed Crazy Yiuf
  1082 | D:2      | Killed Crazy Yiuf
  1157 | D:2      | Noticed Terence
  1165 | D:2      | Killed Terence
  1166 | D:2      | Reached XP level 5. HP: 16/37 MP: 5/5
  1275 | D:2      | Noticed Natasha
  1282 | D:2      | Killed Natasha
  1328 | D:2      | Noticed Natasha
  1334 | D:2      | Killed Natasha
  1335 | D:2      | Reached skill level 5 in Axes
  1675 | D:3      | Noticed Grinder
  1691 | D:3      | Killed Grinder
  1692 | D:3      | Reached skill level 2 in Unarmed Combat
  1692 | D:3      | Reached skill level 1 in Shapeshifting
  1692 | D:3      | Reached XP level 6. HP: 44/44 MP: 6/6
  1890 | D:3      | Found a radiant altar of Vehumet.
  2080 | D:3      | Noticed Sigmund
  2087 | D:3      | Killed Sigmund
  2088 | D:3      | Reached skill level 5 in Fighting
  2088 | D:3      | Reached skill level 3 in Unarmed Combat
  2088 | D:3      | Reached XP level 7. HP: 50/50 MP: 7/7
  2112 | D:3      | Found a basalt altar of Yredelemnul.
  2508 | D:4      | Reached skill level 4 in Unarmed Combat
  2909 | D:4      | Noticed Pikel
  2947 | D:4      | Killed Pikel
  2948 | D:4      | Reached skill level 5 in Unarmed Combat
  2948 | D:4      | Reached XP level 8. HP: 57/57 MP: 8/8
  3129 | D:4      | Noticed Duvessa
  3136 | D:4      | Noticed Dowan
  3143 | D:4      | Killed Duvessa
  3144 | D:4      | Reached skill level 6 in Unarmed Combat
  3145 | D:4      | Killed Dowan
  3311 | D:5      | Entered Level 5 of the Dungeon
  3354 | D:5      | Found a shimmering altar of Xom.
  3587 | D:5      | Noticed a yak
  3598 | D:5      | Killed a yak
  3599 | D:5      | Reached skill level 7 in Unarmed Combat
  3599 | D:5      | Reached XP level 9. HP: 62/62 MP: 9/9
  4055 | D:5      | Found a runed translucent gate.
  4056 | D:5      | Found a runed translucent gate.
  4057 | D:5      | Found a runed translucent gate.
  4059 | D:5      | Identified the +4 mace of Uncomfortable Rashes {vamp,
                  | Will++}
  4059 | D:5      | Identified the +1 leather armour "Fopheog" {rPois rC+
                  | Dex+2}
  4059 | D:5      | Noticed zenocrate's ghost (novice VSEn)
  4175 | D:5      | Reached *** piety under Trog
  4207 | D:5      | Reached skill level 8 in Unarmed Combat
  4207 | D:5      | Reached skill level 5 in Shapeshifting
  4392 | D:5      | Noticed Edmund
  4400 | D:5      | Killed Edmund
  4604 | D:5      | Reached skill level 5 in Dodging
  4656 | D:5      | HP: 2/93 [orc priest/divine providence (10)]
  4661 | D:5      | Killed from afar by an orc priest

Illustrated notes

Levels and vault maps discovered:
D:1:      matt_arrival_diagonals, layout_loops_ring, serial_shops,
          nicolae_shop_pleasant_corner_grove, kennysheep_crisscross,
          hangedman_glass_teeth, kennysheep_another_room, minmay_tall_x
D:2:      layout_rooms, nicolae_ecumenical_lake_church, solitary_fountain,
          uniq_terence, uniq_natasha, uniq_crazy_yiuf_cottage, uniq_robin
D:3:      layout_basic, mainiacjoe_overflow_chevrons,
          mainiacjoe_overflow_concentric_impassable,
          wander_ebering_terrifying_dragon_lair, uniq_grinder, uniq_sigmund
D:4:      kennysheep_slugbush, layout_rooms, uniq_duvessa, uniq_pikel
D:5:      cheibrodos_barr_body, layout_loops_ring, mainiacjoe_overflow_catwalk,
          biasface_ghost_orc_armoury, hangedman_abyss_or_decor_slice,
          minmay_misc_feat_secret_circle, uniq_edmund

Skill      XL: |  1  2  3  4  5  6  7  8  9 |
---------------+----------------------------+-----
Axes           | 4 5 |  5.1
Fighting       | 4 5 6 |  6.0
Unarmed Combat | 2 3 5 7 8 |  8.5
Shapeshifting  | 1 2 3 4 5 |  5.3
Dodging        | 5 |  5.1

Action                     |  1- 3 |  4- 6 |  7- 9 || total
---------------------------+-------+-------+-------++-------
  Melee: Hand axe          |    53 |    23 |       ||    76
         Constrict         |    13 |    22 |    54 ||    89
         Tentacles         |     4 |    17 |    46 ||    67
         Unarmed           |       |    49 |   211 ||   260
         Punch             |       |     1 |     9 ||    10
 Invoke: Berserk           |     1 |     4 |    10 ||    15
         Trog's Hand       |       |     2 |     3 ||     5
   Stab: Sleeping          |     6 |     3 |     4 ||    13
 Armour: Skin              |    27 |    23 |    65 ||   115
  Dodge: Dodged            |    34 |    49 |   148 ||   231

Table legend: (Time is in decaauts)
 A = Elapsed time spent in this place.
 B = Non-inter-level travel time spent in this place.
 C = Inter-level travel time spent in this place.
 D = Time resting spent in this place.
 E = Time spent auto-exploring this place.
 F = Levels seen in this place.
 G = Mean time per level.
                   A        B        C        D        E       F      G
               +--------+--------+--------+--------+--------+-----+--------+
         Total |   4768 |   4719 |     49 |    688 |   3148 |   5 |  953.6 |
       Dungeon |   4768 |   4719 |     49 |    688 |   3148 |   5 |  953.6 |
               +--------+--------+--------+--------+--------+-----+--------+

Top non-repeatable levels by time:
     D:5: 1377 daAuts
     D:3: 1094 daAuts
     D:1: 807 daAuts
     D:4: 793 daAuts
     D:2: 696 daAuts
